 Dungeon Crawl Stone Soup version 0.20.1-1-g8b1a95d (webtiles) character file.

496 Irenicus the Insei (level 7, 0/46 HPs)
             Began as an Octopode Chaos Knight on Oct 13, 2017.
             Slain by an orc
             ... wielding a +0 club
              (3 damage)
             ... on level 5 of the Dungeon.
             The game lasted 00:07:27 (4419 turns).

Irenicus the Insei (Octopode Chaos Knight)          Turns: 4419, Time: 00:07:29

Health: 0/46       AC:  1    Str: 11    XL:     7   Next: 15%
Magic:  7/7        EV: 13    Int: 15    God:    Xom [......]
Gold:   208        SH:  0    Dex: 13    Spells: 6/6 levels left

rFire    . . .     SeeInvis .     - Unarmed
rCold    . . .     Gourm    .   (no shield)
rNeg     . . .     Faith    .   (helmet restricted)
rPois    .         Spirit   .   (no amulet)
rElec    .         Reflect  .   (no ring)
rCorr    .         Harm     .   (no ring)
MR       .....                  (no ring)
Stlth    +++.......             (no ring)
Regen    0.2/turn               (no ring)
MPRegen  0.1/turn               (no ring)
                                (no ring)
                                (no ring)

@: lethally poisoned (0 -> -1), flying
A: almost no armour, stealthy swim, amphibious, 8 rings, constrict 8, camouflage
1, gelatinous body 1
a: Renounce Religion


You were on level 5 of the Dungeon.
You worshipped Xom.
You were a very special plaything of Xom.
You were not hungry.

You visited 1 branch of the dungeon, and saw 5 of its levels.

You collected 208 gold pieces.

Inventory:

Armour
 l - a +0 buckler
Scrolls
 c - 2 scrolls of magic mapping {unknown}
 d - 2 scrolls of identify {unknown}
 f - a scroll of enchant armour {unknown}
 g - 2 scrolls of teleportation {unknown}
 h - 2 scrolls of remove curse {unknown}
 m - a scroll of fog {unknown}
 p - 2 scrolls of immolation {unknown}
 q - a scroll of fear {unknown}
 r - a scroll of blinking {unknown}
Potions
 b - a potion of might {unknown}
 e - a potion of haste {unknown}
 i - a potion of berserk rage {unknown}
 j - a potion of flight
 k - a potion of curing {unknown}
 t - 2 potions of mutation {unknown}
Comestibles
 a - 3 bread rations
 n - a royal jelly
 o - 3 meat rations
 s - 3 fruits


   Skills:
 - Level 3.0 Fighting
 - Level 2.3 Dodging
 - Level 4.0 Stealth
 + Level 7.3 Unarmed Combat


You had 6 spell levels left.
You didn't know any spells.

Dungeon Overview and Level Annotations

Branches:
Dungeon (5/15)             Temple (0/1) D:4

Altars:
Ashenzari
Nemelex Xobeh
The Shining One


Innate Abilities, Weirdness & Mutations

You cannot wear most types of armour.
You are very stealthy in the water. (Stealth+)
You are amphibious.
You can wear up to eight rings at the same time.
You can use your tentacles to constrict eight enemies at once.
Your skin changes colour to match your surroundings (Stealth+).
Your rubbery body absorbs attacks. (AC +1, EV +1)


Message History

You tentacle-slap the orc priest but do no damage.
Your grab misses the orc priest.
The orc priest calls down the wrath of Beogh upon you.
Pain shoots through your body!
You tentacle-slap the orc priest. You grab the orc priest.
You squeeze the orc priest.
The orc priest is moderately wounded.
You constrict the orc priest, but do no damage.
The orc priest invokes the aid of Beogh against you.
Beogh smites you!
* * * LOW HITPOINT WARNING * * *
The orc priest hits you.
* * * LOW HITPOINT WARNING * * *
It was a potion of flight.
You feel very buoyant.
You fly up into the air.
You constrict the orc priest, but do no damage.
The orc hits you with a club.
You die...
Xom chuckles heartily!

#... ###..# .#
#..###....# ##
#.........##
#..........#
##........(#
#............
.####....#.......
........#.........
.......@..........
.......oo†........
......o......)..
..[....o........
..##.......##...
.........# ...
........... ..
............


You could see 2 orc priests and 2 orcs.

Vanquished Creatures
  A bullfrog (D:3)
  A scorpion (D:4)
  An orc priest (D:4)
  An iguana (D:4)
  Terence (D:3)
  A bullfrog skeleton (D:4)
  2 worker ants
  Robin (D:4)
  A howler monkey zombie (D:4)
  4 gnolls (D:2)
  4 adders
  3 oozes
  An adder skeleton (D:4)
  3 worms
  A dart slug (D:3)
  A leopard gecko (D:3)
  9 orcs
  A giant cockroach (D:1)
  10 goblins
  12 hobgoblins
  15 jackals
  2 kobolds (D:2)
  2 quokkas (D:4)
  4 bats
  7 frilled lizards
  A jackal skeleton (D:4)
  7 rats
97 creatures vanquished.

Vanquished Creatures (collateral kills)
  An adder (D:3)
1 creature vanquished.

Grand Total: 98 creatures vanquished

Notes
Turn   | Place    | Note
-------+----------+-------------------------------------------
     0 | D:1      | Irenicus the Octopode Chaos Knight began the quest for the Orb.
     0 | D:1      | Reached XP level 1. HP: 16/16 MP: 1/1
    35 | D:1      | XOM: silly message
    52 | D:1      | XOM: potion effect (haste)
    63 | D:1      | XOM: silly message
   128 | D:1      | Reached XP level 2. HP: 17/21 MP: 2/2
   463 | D:1      | XOM is BORED!
   463 | D:1      | XOM: noise
   465 | D:1      | Reached skill level 4 in Unarmed Combat
   536 | D:1      | Reached XP level 3. HP: 22/26 MP: 3/3
   704 | D:2      | XOM: stealth player
   946 | D:2      | Found a glowing golden altar of the Shining One.
   948 | D:2      | XOM: harmless Conj miscast
   990 | D:2      | XOM is BORED!
   990 | D:2      | XOM: mild Tmut miscast
  1097 | D:2      | Reached skill level 1 in Stealth
  1344 | D:2      | XOM: cast spell 'Summon Small Mammal'
  1347 | D:2      | XOM: confuse monster(s)
  1596 | D:2      | Reached XP level 4. HP: 29/31 MP: 4/4
  1777 | D:2      | XOM: divination: magic mapping
  1927 | D:3      | XOM: divination: detect creatures
  2091 | D:3      | Reached XP level 5. HP: 36/36 MP: 5/5
  2094 | D:3      | Reached skill level 5 in Unarmed Combat
  2142 | D:3      | Noticed Terence
  2155 | D:3      | XOM: smoke on damage
  2162 | D:3      | Killed Terence
  2304 | D:3      | XOM: cast spell 'Summon Horrible Things'
  2331 | D:3      | XOM: medium Pois miscast
  2339 | D:3      | Reached XP level 6. HP: 31/42 MP: 6/6
  2877 | D:4      | Reached skill level 6 in Unarmed Combat
  3406 | D:4      | Found a shattered altar of Ashenzari.
  3462 | D:4      | Found a sparkling altar of Nemelex Xobeh.
  3514 | D:4      | Reached skill level 7 in Unarmed Combat
  3612 | D:4      | Reached XP level 7. HP: 38/46 MP: 7/7
  3740 | D:4      | Found a staircase to the Ecumenical Temple.
  3797 | D:4      | Noticed Robin
  3816 | D:4      | Killed Robin
  4304 | D:5      | Entered Level 5 of the Dungeon
  4419 | D:5      | Slain by an orc

Skill      XL: |  1  2  3  4  5  6 |
---------------+-------------------+-----
Unarmed Combat | 4 5 7 |  7.3
Stealth        | 1 3 4 |  4.0
Fighting       | |  3.0
Dodging        | |  2.3

Action                   |  1- 3 |  4- 6 |  7- 9 || total
-------------------------+-------+-------+-------++-------
Melee: Unarmed           |    78 |   150 |    38 ||   266
       Tentacles         |     9 |    22 |     7 ||    38
       Constrict         |    19 |    33 |     8 ||    60
       Punch             |       |     5 |     1 ||     6
  Use: Potion            |       |     2 |     1 ||     3
 Stab: Sleeping          |     7 |     8 |     1 ||    16
  Eat: Chunk             |     1 |     7 |     3 ||    11
Armor: Skin              |     4 |    16 |     2 ||    22
Dodge: Dodged            |    40 |    69 |    12 ||   121
